 Dungeon Crawl Stone Soup version 0.16-b1 (webtiles) character file.

388 dysrexia the Chopper (level 6, -1/32 HPs)
             Began as a Vine Stalker Chaos Knight on Mar 14, 2015.
             Shot with an arrow by a centaur (3 damage)
             ... on level 5 of the Dungeon.
             The game lasted 00:14:26 (2637 turns).

dysrexia the Chopper (Vine Stalker Chaos Knight)    Turns: 2637, Time: 00:14:27

Health: -1/32      AC:  9    Str: 15    XL:     6   Next: 79%
Magic:  0/8        EV:  5    Int: 12    God:    Xom [.....*]
Gold:   151        SH:  4    Dex: 17    Spells: 0 memorised, 5 levels left

rFire  . . .     SeeInvis .     s - +1 hand axe (vamp)
rCold  . . .     Clarity  .     k - +0 chain mail
rNeg   . . .     SustAb   .     z - +0 buckler
rPois  +         Gourm    .     (no helmet)
rElec  .         Spirit   +     (no cloak)
rCorr  .         Warding  .     m - +0 pair of gloves
rMut   .         Stasis   .     (no boots)
MR     +....                    (no amulet)
Stlth  ..........               w - ring of protection from magic
                                v - ring of poison resistance

@: somewhat resistant to hostile enchantments, extremely unstealthy
A: fangs 2, thin skeletal structure 1, regeneration 2, wild magic 1, evolution
1, magic shield, antimagic bite, no device heal 3, rot immunity
a: Renounce Religion


You were on level 5 of the Dungeon.
You worshipped Xom.
You were Xom's teddy bear.
You were not hungry.

You visited 1 branch of the dungeon, and saw 5 of its levels.
You also visited: Ossuary.

You collected 151 gold pieces.

Inventory:

Hand weapons
 a - a +0 hand axe of chaos
 s - a +1 vampiric hand axe (weapon)
 A - a +0 war axe
Missiles
 r - 85 stones (quivered)
 D - 2 poisoned needles
Armour
 b - a +2 leather armour
 f - a +0 ring mail
 k - a +0 chain mail (worn)
 m - a +0 pair of gloves (worn)
 z - a +0 buckler (worn)
Jewellery
 v - a ring of poison resistance (left hand)
 w - a ring of protection from magic (right hand)
 B - an uncursed ring of sustain abilities {unknown}
Magical devices
 n - a wand of magic darts (48)
 E - a wand of enslavement (7)
Scrolls
 d - 2 scrolls of teleportation
 i - 4 scrolls of identify
 t - a scroll of enchant weapon {unknown}
 y - a scroll of enchant armour {unknown}
 C - a scroll of noise {unknown}
Potions
 e - 2 potions of restore abilities
 g - a potion of resistance {unknown}
 h - 2 potions of heal wounds {unknown}
 l - a potion of poison {unknown}
 p - a potion of ambrosia {unknown}
 q - a potion of curing
 u - 2 potions of might {unknown}
 x - a potion of haste {unknown}
Comestibles
 c - 2 bread rations
 j - 5 fruits
 o - 2 meat rations


   Skills:
 - Level 2.7 Fighting
 + Level 6.7 Axes
 - Level 1.5 Armour
 - Level 0.7 Dodging


You had 5 spell levels left.
You didn't know any spells.

Dungeon Overview and Level Annotations

Branches:
Dungeon (5/15)
 Temple: D:4-7

Altars:
Cheibriados
Dithmenos
Kikubaaqudgha
Makhleb
Qazlal


Innate Abilities, Weirdness & Mutations

You have extremely sharp teeth.
You heal very quickly.
When hurt, damage is shared between your health and your magic reserves.
Your bite disrupts and absorbs the magic of your enemies.
Potions and wands cannot restore your health.
You are immune to rotting.
You have a somewhat thin skeletal structure (Dex +2, Stealth).
Your spells are a little harder to cast, but a little more powerful.
You evolve.


Message History

Your smoke demon hits the adder. x2
The adder bites you but does no damage.
Your quasit bites the adder but does no damage.
Your quasit misses the adder.
Your quasit claws the adder.
The adder bites you but does no damage.
You hit the adder. You bite the adder. You drain its power.
You feel invigorated.
You kill the adder!
You hit the adder.
The adder is moderately wounded.
The centaur shoots an arrow.
The arrow hits you! The arrow burns you.
* * * LOW HITPOINT WARNING * * *
The adder bites you but does no damage.
Your quasit misses the adder.
Your quasit claws the adder.
Your quasit closely misses the adder.
The centaur shoots an arrow.
The arrow misses your crimson imp. The arrow hits you!
* * * LOW HITPOINT WARNING * * *
The arrow burns you.
You die... "Boring in life, boring in death..."

#.......# #.......#
#.......# #.......#
#.....))#
#....)).########
####....((.'......#
........4.4####...#
......5.@.4# #...#
.......S53..# #...#
##.....c...# #...#
#.........# #...#
#.........# #)###
#.........# #.#
##?....### #<#
#.....# ### ...


You could see a centaur, an adder, a friendly hellwing, a friendly rust devil, a
friendly smoke demon, a friendly blue devil, a friendly quasit and a friendly
crimson imp.

Vanquished Creatures
  A phantom (D:4)
  An orc priest (D:4)
  A worker ant (D:4)
  An orc wizard (D:4)
  Jessica (D:3)
  5 adders
  A gnoll (D:2)
  5 worms
  2 giant geckos
  9 orcs
  2 bat zombies (D:3)
  A giant cockroach (D:1)
  8 goblins
  7 hobgoblins
  5 jackals (D:4)
  A quokka (D:2)
  A ball python (D:2)
  8 bats
  2 giant newts
  8 kobolds
  6 rats
76 creatures vanquished.

Vanquished Creatures (collateral kills)
  An orc wizard (D:5)
  7 orcs
  A goblin (D:5)
  A jackal (D:4)
  A kobold (D:5)
11 creatures vanquished.

Vanquished Creatures (others)
  An orc wizard (D:4)
  3 mummies (Ossuary)
  A butterfly (D:2)
  A plant (Ossuary)
6 creatures vanquished.

Grand Total: 93 creatures vanquished

Notes
Turn   | Place    | Note
--------------------------------------------------------------
     0 | D:1      | dysrexia, the Vine Stalker Chaos Knight, began the quest for the Orb.
     0 | D:1      | Reached XP level 1. HP: 11/11 MP: 1/1
   130 | D:1      | Reached skill level 3 in Axes
   213 | D:1      | Reached XP level 2. HP: 16/16 MP: 3/3
   266 | D:1      | XOM: divination: detect creatures
   557 | D:2      | XOM: butterfly on damage
   561 | D:2      | XOM: divination: detect items
   584 | D:1      | Reached XP level 3. HP: 10/19 MP: 2/4
   746 | D:2      | Reached skill level 4 in Axes
   843 | D:2      | Reached XP level 4. HP: 21/23 MP: 3/5
   972 | D:2      | XOM: colour smoke trail
  1092 | D:2      | XOM: silly message
  1110 | D:2      | XOM: colour smoke trail
  1459 | D:3      | XOM: smoke on damage
  1496 | D:3      | Reached skill level 5 in Axes
  1564 | D:3      | Reached XP level 5. HP: 23/27 MP: 7/7
  1583 | D:3      | Noticed Jessica
  1587 | D:3      | Killed Jessica
  1623 | D:3      | Found an ancient bone altar of Kikubaaqudgha.
  1790 | D:3      | Found a stormy altar of Qazlal.
  1790 | D:3      | Found a burning altar of Makhleb.
  1792 | D:3      | Found a snail-covered altar of Cheibriados.
  1830 | D:3      | XOM: colour smoke trail
  2103 | D:4      | XOM: cast spell 'Confusing Touch'
  2105 | D:4      | XOM: summons friendly white imp
  2111 | D:4      | Gained mutation: You heal very quickly. [vine stalker growth]
  2111 | D:4      | Reached XP level 6. HP: 28/32 MP: 8/8
  2159 | D:4      | Reached skill level 6 in Axes
  2219 | D:4      | XOM: harmless Fire miscast
  2316 | D:4      | Found a shadowy altar of Dithmenos.
  2320 | D:4      | Noticed a phantom
  2342 | D:4      | XOM: cast spell 'Necromutation'
  2347 | D:4      | XOM: smoke on damage
  2381 | D:4      | Killed a phantom
  2417 | D:4      | Found a sand-covered staircase.
  2422 | Ossuary  | Entered an ossuary
  2430 | Ossuary  | XOM: divine lightning (protected)
  2431 | Ossuary  | XOM: fog
  2446 | D:4      | XOM: give mutations
  2446 | D:4      | Gained mutation: You have a somewhat thin skeletal structure (Dex +2, Stealth). [Xom's grace]
  2446 | D:4      | Gained mutation: Your spells are a little harder to cast, but a little more powerful. [Xom's grace]
  2446 | D:4      | Gained mutation: You are somewhat resistant to further mutation. [Xom's grace]
  2446 | D:4      | Lost mutation: You are somewhat resistant to further mutation. [Xom's grace]
  2446 | D:4      | Gained mutation: You evolve. [Xom's grace]
  2601 | D:5      | Entered Level 5 of the Dungeon
  2622 | D:5      | XOM: summons 6 friendly demons
  2637 | D:5      | Shot with an arrow by a centaur

Action                   |  1- 3 |  4- 6 || total
-------------------------+-------+-------++-------
Melee: Hand axe          |    74 |   199 ||   273
  Use: Scroll            |     1 |     5 ||     6
 Stab: Paralysed         |       |     2 ||     2
       Distracted        |       |     1 ||     1
  Eat: Chunk             |       |     4 ||     4
       Fruit             |       |     3 ||     3
       Royal jelly       |       |     1 ||     1
       Beef jerky        |       |     1 ||     1
